Map: Acid Plant LE

Players

zerg

  • Race: Protoss Protoss
  • League: Diamond
  • Spawn Location: 5:00

Swatopluke - Winner!

  • Race: Protoss Protoss
  • League: Platinum
  • Spawn Location: 11:00

VOD

Have the link to the VOD?

Description

Time

  • Played on: Nov. 13, 2018, 3:22 p.m.
  • Length: 9:55
Show
View Real Time Build Order
Export as new Build Order

zerg Protoss 

Build Orders: Cannon Rush 

Get SALT Encoding   

  12  0:02  Probe  
  13  0:14  Pylon  
  13  0:34  Forge  
  13  1:04  Pylon x2  
  13  1:06  Pylon  
  13  1:22  Photon Cannon  
  13  1:24  Pylon  
  13  1:35  Assimilator  
  13  1:38  Pylon  
  13  1:43  Photon Cannon  
  13  1:55  Photon Cannon  
  13  2:05  Pylon  
  13  2:25  Photon Cannon  
  10  3:01  Photon Cannon  
  9  4:15  Photon Cannon  
  8  4:53  Probe  
  9  5:14  Photon Cannon  
Show
View Real Time Build Order
Export as new Build Order

Swatopluke Protoss - Winner!

Build Orders:  

Get SALT Encoding   

  12  0:00  Probe  
  13  0:15  Probe  
  14  0:27  Probe  
  15  0:37  Pylon  
  15  0:44  Assimilator  
  15  0:55  Gateway  
  16  0:59  Gateway  
  15  1:06  Gateway  
  15  1:10  Probe  
  16  1:24  Probe  
  17  1:36  Probe  
  18  1:42  Cybernetics Core  
  18  1:43  Zealot  
  18  1:46  Zealot  
  22  1:51  Pylon  
  22  1:56  Probe  
  21  2:10  Zealot  
  21  2:13  Zealot  
  24  2:33  Zealot  
  17  3:09  Zealot  
  17  3:11  Zealot  
  17  3:12  Nexus  
  7  5:16  Probe  
  8  5:45  Probe  
  9  6:08  Probe  
  10  6:24  Probe  
  11  6:40  Probe  
  12  7:04  Probe  
  13  7:12  Probe  
  13  7:22  Probe  
  14  7:25  Assimilator  
  11  7:58  Zealot x3  
  15  8:30  Probe  
  16  8:38  Probe  
  16  8:46  Probe  
  18  8:58  Probe  
  18  9:01  Stalker  
  21  9:08  Probe  
  21  9:16  Probe  
  23  9:24  Probe  
Tags
 
Matchup
PvP
Replay Pack
Swatopluke
Spawn Locations
Cross Positions
Add a new tag
Caveats
  • Supply blocks, unpowered buildings, or Contaminate may cause inaccurate times.
  • Supply counts are checked every 10 seconds.